 Dungeon Crawl Stone Soup version 0.29-a0-841-g116ddc6ace (webtiles) character file.

Game seed: 1528053691908431997

232 mathmaestro the Grave Robber (level 5, -4/38 HPs)
             Began as a Demonspawn Necromancer on July 13, 2022.
             Slain by a two-headed ogre
             ... wielding a +0 giant spiked club
              (18 damage)
             ... on level 5 of the Dungeon on July 14, 2022.
             The game lasted 00:15:57 (3621 turns).

mathmaestro the Grave Robber (DsNe)                 Turns: 3621, Time: 00:15:58

Health: -4/38      AC: 10    Str:  8    XL:     5   Next: 73%
Magic:  6/9        EV: 14    Int: 24    God:
Gold:   206        SH:  0    Dex: 14    Spells: 3/10 levels left

rFire   . . .      SeeInvis .   e - staff of death
rCold   + . .      Faith    .   (no shield)
rNeg    + . .      Spirit   .   l - +3 ring mail {rC+}
rPois   .          Reflect  .   (no helmet)
rElec   .          Harm     .   (no cloak)
rCorr   .          Rampage  .   (no gloves)
Will    .....                   (no boots)
Stlth   +.........              t - amulet of the acrobat
HPRegen 0.12/turn               c - +6 ring of intelligence
MPRegen 0.22/turn               g - +4 ring of evasion

@: no status effects
A: yellow scales 1, powered by pain 1, magic regeneration
a: no special abilities


You were on level 5 of the Dungeon.
You visited 1 branch of the dungeon, and saw 5 of its levels.

You collected 206 gold pieces.

Inventory:

Missiles
 a - 2 boomerangs
 h - 6 javelins
Armour
 l - a +3 ring mail of cold resistance (worn)
Magical Staves
 e - a staff of death (weapon)
Jewellery
 c - a +6 ring of intelligence (left hand)
 g - a +4 ring of evasion (right hand)
 q - an amulet of regeneration
 t - an amulet of the acrobat (around neck)
Wands
 o - a wand of roots (7)
Scrolls
 f - a scroll of magic mapping
 j - 3 scrolls of fog
Potions
 b - 2 potions of magic
 d - 5 potions of curing
 i - a potion of degeneration {unknown}
 m - 2 potions of might
 n - a potion of invisibility {unknown}
 p - a potion of attraction {unknown}
 r - a potion of berserk rage {unknown}


   Skills:
 + Level 2.1 Fighting
 + Level 1.3 Staves
 + Level 2.0 Armour
 - Level 2.0 Dodging
 - Level 2.0 Stealth
 + Level 3.0 Spellcasting
 + Level 0.0 Conjurations
 + Level 5.1 Necromancy
 + Level 0.0 Earth Magic
 + Level 1.5 Evocations


You had 3 spell levels left.
You knew the following spells:

 Your Spells              Type           Power      Damage    Failure   Level
a - Necrotise             Necr           100%       1d9       4%          1
b - Vampiric Draining     Necr           42%        2d9       12%         3
c - Stone Arrow           Conj/Erth      6%         3d7       67%         3

Your spell library contained the following spells:

 Spells                   Type           Power      Damage    Failure   Level
 Sandblast                Erth           6%         2d5       32%         1
 Passwall                 Tmut/Erth      2%         N/A       43%         2
 Animate Dead             Necr           42%        N/A       36%         4
 Agony                    Necr           42%        N/A       73%         5


Dungeon Overview and Level Annotations

Branches:
Dungeon (5/15)
 Temple: D:4-7

Altars:
Hepliaklqana


Innate Abilities, Weirdness & Mutations

You are partially covered in yellow scales. (AC +2)
You sometimes gain a little power by taking damage.
You regenerate magic rapidly.


Message History

The phantom hits you.
* * * LOW HITPOINT WARNING * * *
The phantom blinks!
You blink.
Casting: Necrotise (safe; 4% risk of failure)
Confirm with . or Enter, or press ? or * to list all spells.
You can't see any susceptible monsters within range! (Use Z to cast anyway.) Unknown command.
Casting: Necrotise (safe; 4% risk of failure)
Confirm with . or Enter, or press ? or * to list all spells.
Okay, then.
The phantom attacks as you move away!
The phantom hits you but does no damage.
Your surroundings suddenly seem different.
A shadow and a two-headed ogre come into view.
Found 3 stones and a Trismegistus Codex.
The two-headed ogre shouts in stereo!
The shadow slips into darkness.
The shadow flickers and vanishes!
Deactivating autopickup; reactivate with Ctrl-A.
The two-headed ogre attacks as you move away!
The two-headed ogre misses you. The two-headed ogre closely misses you.
You open the large door.
The shadow strikes at you from the darkness!
Reactivating autopickup.
There is a large open door here.
The shadow slips into darkness.
The shadow flickers and vanishes!
Deactivating autopickup; reactivate with Ctrl-A.
The two-headed ogre attacks as you move away!
The two-headed ogre completely misses you. x2
Casting: Necrotise (safe; 4% risk of failure)
Confirm with . or Enter, or press ? or * to list all spells.
Aiming: Vampiric Draining (dangerous; 12% risk of failure)
Press: ? - help, Shift-Dir - straight line, f - two-headed ogre
Aim: a two-headed ogre, wielding a +0 giant spiked club and a +0 giant club You feel a surge of power!
You draw life force from the two-headed ogre!
You feel life coursing into your body. The two-headed ogre barely misses you.
The two-headed ogre hits you with a +0 giant club!!
You die...

§≈§≈≈≈..≈§≈§§≈#
#≈≈≈§≈..≈≈§§§##
##≈≈≈§..≈§§§##
##≈≈≈..≈§§##
####''#### #..#
#.## #O# #@#
#........
.....####
#######


You could see a two-headed ogre.

Vanquished Creatures
  An ogre (D:4)
  3 gnolls (D:4)
  3 adders (D:3)
  An ufetubus (D:4)
  4 worms
  5 orcs
  5 ball pythons
  2 bats
  3 endoplasms (D:3)
  2 giant cockroaches (D:1)
  2 hobgoblins
  3 jackals (D:1)
  3 quokkas
  5 frilled lizards
  3 goblins
  9 kobolds
  2 rats
56 creatures vanquished.

Vanquished Creatures (collateral kills)
  An adder (D:4)
  2 dart slugs (D:3)
  An endoplasm (D:4)
  A frilled lizard (D:1)
  2 rats (D:1)
7 creatures vanquished.

Vanquished Creatures (others)
  A plant (D:1)
1 creature vanquished.

Grand Total: 64 creatures vanquished

Notes
Turn   | Place    | Note
-------+----------+-------------------------------------------
     0 | D:1      | mathmaestro the Demonspawn Necromancer began the quest for
                  | the Orb.
     0 | D:1      | Reached XP level 1. HP: 13/13 MP: 3/3
   599 | D:1      | Gained mutation: You regenerate magic rapidly. [demonic
                  | ancestry]
   599 | D:1      | Reached XP level 2. HP: 16/20 MP: 5/5
   827 | D:1      | Upgraded the game from 0.29-a0-838-g385bb11a5b to
                  | 0.29-a0-841-g116ddc6ace
   926 | D:1      | Found a faded altar of an unknown god.
  1234 | D:2      | Reached skill level 1 in Fighting
  1380 | D:2      | Reached XP level 3. HP: 26/26 MP: 1/6
  1429 | D:2      | Learned a level 3 spell: Vampiric Draining
  1431 | D:2      | Reached skill level 1 in Armour
  1732 | D:2      | Identified a scroll of acquirement
  1732 | D:2      | Acquired a staff of death
  2139 | D:3      | Gained mutation: You are partially covered in yellow
                  | scales. (AC +2) [demonic ancestry]
  2139 | D:3      | Reached XP level 4. HP: 32/32 MP: 5/7
  2538 | D:4      | Noticed an ogre
  2549 | D:4      | Killed an ogre
  2550 | D:4      | Reached skill level 1 in Staves
  2550 | D:4      | Reached skill level 1 in Evocations
  2550 | D:4      | Gained mutation: You sometimes gain a little power by
                  | taking damage. [demonic ancestry]
  2550 | D:4      | Reached XP level 5. HP: 6/38 MP: 1/9
  2700 | D:4      | Reached skill level 5 in Necromancy
  2944 | D:4      | Found a hazy altar of Hepliaklqana.
  3364 | D:4      | Noticed a lemure
  3365 | D:4      | Noticed a lemure
  3423 | D:4      | Learned a level 3 spell: Stone Arrow
  3553 | D:4      | Noticed a lemure
  3553 | D:4      | Noticed a lemure
  3562 | D:5      | Entered Level 5 of the Dungeon
  3571 | D:5      | Noticed a phantom
  3608 | D:5      | Noticed a shadow
  3608 | D:5      | Noticed a two-headed ogre
  3621 | D:5      | Slain by a two-headed ogre

Illustrated notes

Levels and vault maps discovered:
D:1:      nzn_arrival_depleted_hourglass, layout_basic,
          shapermc_ecumenical_altar_acropolis, minmay_pentomino_x4
D:2:      layout_loops_ring
D:3:      layout_basic
D:4:      layout_rooms, lemuel_doored_altar, serial_co_window_serial,
          co_window_cross_1, co_window_corner_a, co_window_corner_a,
          co_window_paths_b, co_window_cross_1, co_window_cross_2,
          co_window_of_opportunity_c, co_window_2corner,
          co_window_of_opportunity_b, co_window_paths_e, grunt_decor_resistance,
          st_stairs_6, uniq_pikel
D:5:      kennysheep_big_flooded_room, layout_loops_ring,
          kennysheep_orc_sif_temple, grunt_temple_overflow_open,
          nicolae_overflow_hidden_temple, uniq_crazy_yiuf_cottage

Skill      XL: |  1  2  3  4  5 |
---------------+----------------+-----
Stealth        | 2 |  2.0
Dodging        | 2 |  2.0
Fighting       | 1 2 |  2.1
Armour         | 1 2 |  2.0
Staves         | 1 |  1.3
Evocations     | 1 |  1.5
Necromancy     | 5 |  5.1
Spellcasting   | 3 |  3.0

Action                   |  1- 3 |  4- 6 || total
-------------------------+-------+-------++-------
Melee: Dagger            |    36 |       ||    36
       Punch             |     1 |       ||     1
       Staff             |    21 |    65 ||    86
 Cast: Necrotise         |    58 |    45 ||   103
       Vampiric Draining |       |     1 ||     1
Evoke: Wand              |       |     1 ||     1
  Use: Scroll            |     8 |     5 ||    13
Armor: Robe              |    13 |       ||    13
       Ring mail         |       |    38 ||    38
Dodge: Dodged            |    42 |    66 ||   108

Table legend: (Time is in decaauts)
 A = Elapsed time spent in this place.
 B = Non-inter-level travel time spent in this place.
 C = Inter-level travel time spent in this place.
 D = Time resting spent in this place.
 E = Time spent auto-exploring this place.
 F = Levels seen in this place.
 G = Mean time per level.
                   A        B        C        D        E       F      G
               +--------+--------+--------+--------+--------+-----+--------+
         Total |   3634 |   3489 |    145 |    413 |   2397 |   5 |  726.8 |
       Dungeon |   3634 |   3489 |    145 |    413 |   2397 |   5 |  726.8 |
               +--------+--------+--------+--------+--------+-----+--------+

Top non-repeatable levels by time:
     D:1: 1077 daAuts
     D:4: 990 daAuts
     D:2: 836 daAuts
     D:3: 667 daAuts
     D:5: 62 daAuts
